 Dungeon Crawl Stone Soup version 0.19-b1-4-gd8a0a2a (webtiles) character file.

611 vev the Covert (level 7, 0/32 HPs)
             Began as a Spriggan Conjurer on Oct 30, 2016.
             Slain by a leopard gecko (4 damage)
             ... on level 5 of the Dungeon.
             The game lasted 00:08:23 (4600 turns).

vev the Covert (Spriggan Conjurer)                  Turns: 4600, Time: 00:08:24

Health: 0/32       AC:  4    Str:  4    XL:     7   Next: 20%
Magic:  4/22       EV: 18    Int: 19    God:
Gold:   215        SH:  0    Dex: 16    Spells: 2 memorised, 9 levels left

rFire  . . .     SeeInvis +     i - +0 dagger
rCold  . . .     Gourm    .     a - +1 robe
rNeg   . . .     Faith    .     (shield restricted)
rPois  .         Spirit   .     (helmet restricted)
rElec  .         Reflect  .     j - +0 cloak
rCorr  .         Harm     .     (gloves unavailable)
MR     +....                    (boots unavailable)
Stlth  +++++.....               (no amulet)
                                m - ring of stealth
                                k - ring of magical power

@: very quick
A: unfitting armour, see invisible, herbivore 3, speed 3, slow metabolism 2
a: no special abilities


You were on level 5 of the Dungeon.
You were very hungry.

You visited 1 branch of the dungeon, and saw 5 of its levels.

You collected 215 gold pieces.

Inventory:

Hand Weapons
 f - a +0 short sword
 i - a +0 dagger (weapon)
Armour
 a - a +1 robe (worn)
 j - a +0 cloak (worn)
Jewellery
 k - a ring of magical power (left hand)
 m - a ring of stealth (right hand)
Wands
 y - a wand of polymorph (9/24)
Scrolls
 d - 2 scrolls of immolation
 e - a scroll of teleportation
 l - 6 scrolls of identify {unknown}
 p - a scroll of blinking {unknown}
 q - a scroll of enchant weapon {unknown}
 r - 3 scrolls of remove curse
 u - a scroll of noise {unknown}
 v - a scroll of magic mapping {unknown}
Potions
 h - a potion of lignification {unknown}
 n - a potion of berserk rage {unknown}
 o - a potion of haste {unknown}
 s - a potion of flight {unknown}
 t - a potion of cancellation {unknown}
 w - a potion of curing {unknown}
 x - a potion of cure mutation {unknown}
 z - a potion of agility {unknown}
Books
 b - a book of Conjurations

   Spells                             Type                      Level
   a - Magic Dart                     Conjuration                  1
   b - Searing Ray                    Conjuration                  2
   c - Dazzling Spray                 Conjuration/Hexes            3
   d - Fulminant Prism                Conjuration/Hexes            4
   e - Iskenderun's Mystic Blast      Conjuration                  4
   f - Iskenderun's Battlesphere      Conjuration/Charms           5
Comestibles
 c - 2 bread rations
 g - 6 fruits


   Skills:
 + Level 1.3 Short Blades
 - Level 3.0 Dodging
 + Level 9.0 Stealth
 - Level 3.6 Spellcasting
 - Level 2.9 Conjurations
 + Level 5.6 Hexes


You had 9 spell levels left.
You knew the following spells:

 Your Spells              Type           Power        Failure   Level  Hunger
a - Magic Dart            Conj           ##..         6%          1    None
d - Dazzling Spray        Conj/Hex       ###...       10%         3    ###....


Dungeon Overview and Level Annotations

Branches:
Dungeon (5/15)
 Temple: D:4-7

Altars:
Gozag
Makhleb
Trog
Xom


Innate Abilities, Weirdness & Mutations

You are very small and have problems with some larger weapons.
You are too small for most types of armour.
You have supernaturally acute eyesight. (SInv)
You are a herbivore.
You cover ground extremely quickly.
You need consume almost no food.


Message History

You impale the orc!!
You kill the orc!
You closely miss the orc wizard.
The orc wizard shouts!
The orc wizard is severely wounded.
The orc wizard is no longer blind.
The orc wizard hits you with a dagger.
* * * LOW HITPOINT WARNING * * *
The orc wizard gestures at you while chanting.
The magic dart hits you!
* * * LOW HITPOINT WARNING * * *
Casting: Dazzling Spray
Confirm with . or Enter, or press ? or * to list all spells.
Aiming: Dazzling Spray
Press: ? - help, Shift-Dir - straight line, f/p - orc wizard
Aim: an orc wizard, wielding a dagger and wearing a robe (severely wounded, fast)
The spray of energy hits the orc wizard.
You kill the orc wizard!
* * * LOW MAGIC WARNING * * *
The leopard gecko bites you.
You die...

#..#.<#
###########.....#
#.....#......#.##
####....####.#...
##......#..##.#
##...##....# .#
####..#........ #
#....########...
#@#### ..#. #l#
..##. #.. ##..
#.# .. ... ...


You could see a leopard gecko.

Vanquished Creatures
  2 ogres (D:4)
  A crimson imp (D:3)
  A hound (D:4)
  2 worker ants (D:4)
  Ijyb (D:3)
  3 orc wizards
  Terence (D:4)
  9 adders
  3 oozes
  5 worms
  2 dart slugs (D:3)
  3 leopard geckos
  8 orcs
  A giant cockroach (D:2)
  12 goblins
  7 hobgoblins
  6 jackals
  5 kobolds
  A quokka (D:4)
  2 ball pythons
  7 bats
  5 frilled lizards
  A jackal skeleton (D:3)
  3 rats
91 creatures vanquished.

Notes
Turn   | Place    | Note
-------+----------+-------------------------------------------
     0 | D:1      | vev the Spriggan Conjurer began the quest for the Orb.
     0 | D:1      | Reached XP level 1. HP: 9/9 MP: 5/5
   153 | D:1      | Reached skill level 3 in Spellcasting
   305 | D:1      | Reached XP level 2. HP: 13/13 MP: 1/7
   425 | D:1      | Reached skill level 4 in Stealth
   939 | D:1      | Reached XP level 3. HP: 16/16 MP: 9/9
   944 | D:1      | Learned a level 3 spell: Dazzling Spray
  1116 | D:2      | Reached skill level 5 in Stealth
  1378 | D:2      | Reached skill level 1 in Hexes
  1656 | D:2      | Reached XP level 4. HP: 21/21 MP: 4/10
  2046 | D:3      | Reached skill level 2 in Hexes
  2104 | D:3      | Reached skill level 6 in Stealth
  2108 | D:3      | Noticed Terence
  2483 | D:3      | Reached XP level 5. HP: 17/24 MP: 11/11
  2570 | D:3      | Noticed Ijyb
  2574 | D:3      | Killed Ijyb
  2574 | D:3      | Reached skill level 3 in Hexes
  2773 | D:3      | Reached skill level 7 in Stealth
  2801 | D:3      | Found an opulent altar of Gozag.
  3000 | D:4      | Reached skill level 4 in Hexes
  3125 | D:4      | Killed Terence
  3125 | D:4      | Reached XP level 6. HP: 28/28 MP: 12/12
  3225 | D:4      | Found a bloodstained altar of Trog.
  3346 | D:4      | Reached skill level 8 in Stealth
  3862 | D:4      | Reached skill level 5 in Hexes
  4246 | D:4      | Found a shimmering altar of Xom.
  4370 | D:4      | Reached XP level 7. HP: 25/32 MP: 7/13
  4475 | D:4      | Found an opulent altar of Gozag.
  4476 | D:4      | Found a burning altar of Makhleb.
  4554 | D:5      | Entered Level 5 of the Dungeon
  4591 | D:5      | Reached skill level 1 in Short Blades
  4591 | D:5      | Reached skill level 9 in Stealth
  4600 | D:5      | Slain by a leopard gecko

Skill      XL: |  1  2  3  4  5  6  7 |
---------------+----------------------+-----
Spellcasting   | 3 |  3.6
Stealth        | 4 5 6 7 8 9 |  9.0
Hexes          | 1 2 4 5 |  5.6
Short Blades   | 1 |  1.3
Dodging        | |  3.0
Conjurations   | |  2.9

Action                   |  1- 3 |  4- 6 |  7- 9 || total
-------------------------+-------+-------+-------++-------
Melee: Unarmed           |    12 |       |       ||    12
       Short sword       |     3 |       |       ||     3
       Dagger            |    21 |    45 |    11 ||    77
 Cast: Magic Dart        |    94 |   171 |     5 ||   270
       Dazzling Spray    |       |    14 |     9 ||    23
  Use: Scroll            |     4 |       |       ||     4
       Potion            |       |     1 |       ||     1
 Stab: Sleeping          |     1 |     4 |       ||     5
       Invisible         |       |     3 |     2 ||     5
  Eat: Royal jelly       |       |     1 |       ||     1
Armor: Robe              |     8 |    17 |     1 ||    26
Dodge: Dodged            |    60 |    84 |     7 ||   151
